3A
MONROEVILLE YINZERS @ PUT-IN-BAY BC
07/02/2042
 
TOP OF THE 1ST
Monroeville Yinzers batting - Pitching for Put-In-Bay BC : LHP Josh Gentry
Pitching: LHP Josh Gentry
Batting: SHB Chong-hun Cho 0-0: Foul Ball, location: 2F
0-1: Swinging Strike
0-2: Ball
1-2: Foul Ball, location: 2F
1-2: Ball
2-2: SINGLE (Groundball, 6, EV 81.9 MPH) (infield hit)
Batting: RHB Félix Pacheco 0-0: Swinging Strike
0-1: Ball
1-1: Foul Ball, location: 2F
1-2: Ball
2-2: Strikes out looking
Batting: RHB Rubén Camacho 0-0: Ball
1-0: Ball
2-0: Fly out, F8 (Flyball, 8LS, EV 89.4 MPH)
Batting: RHB Brian Martin 0-0: Foul Ball, location: 2F
0-1: Swinging Strike
0-2: Foul Ball, location: 2F
0-2: Ball
Chong-hun Cho steals 2nd, throwing error, E2
Chong-hun Cho to third
1-2: Ball
2-2: Foul Ball, location: 2F
2-2: Foul Ball, location: 2F
2-2: Foul Ball, location: 2F
2-2: Foul Ball, location: 2F
2-2: Ball
Wild Pitch!
Chong-hun Cho scores
3-2: SINGLE (Line Drive, 8LS, EV 96.2 MPH)
Batting: RHB Dave Hall 0-0: Ball
1-0: Ball
2-0: Called Strike
2-1: SINGLE (Groundball, 6MD, EV 99.4 MPH)
Brian Martin to second
Batting: LHB Rashid Jeltkov 0-0: Called Strike
0-1: Ball
1-1: Ball
2-1: Swinging Strike
2-2: SINGLE (Groundball, 34D, EV 101.2 MPH)
Brian Martin to third
Dave Hall to second
Batting: SHB John Clay 0-0: Ball
1-0: Fielders Choice at 2nd, U6 (Groundball, 6M, EV 105.6 MPH)
Top of the 1st over - 1 run, 4 hits, 1 error, 3 left on base; Monroeville 1 - Put-In-Bay 0
BOTTOM OF THE 1ST
Put-In-Bay BC batting - Pitching for Monroeville Yinzers : LHP Mané Garrincha
Pitching: LHP Mané Garrincha
Batting: RHB Raleigh Adams 0-0: Called Strike
0-1: SINGLE (Flyball, 78S, EV 82.5 MPH)
Batting: RHB Cole Hewitt 0-0: Ball
1-0: Foul Ball, location: 2F
1-1: Ball
2-1: Fly out, F7 (Flyball, 7D, EV 84.4 MPH)
Batting: RHB Chris P. Bacon 0-0: Called Strike
0-1: Ball
1-1: Ball
2-1: Fly out, F4 (Popup, 4M, EV 61.9 MPH)
Batting: RHB Bang-xao Li 0-0: Called Strike
0-1: Ball
1-1: Ball
2-1: Foul Ball, location: 2F
2-2: Ball
3-2: DOUBLE (Groundball, 5L, EV 98.1 MPH)
Raleigh Adams to third
Raleigh Adams scores
Batting: LHB Fernan Espinoza 0-0: Ball
1-0: Called Strike
1-1: Foul Ball, location: 2F
1-2: Fly out, F7 (Flyball, 7LDF, EV 99.4 MPH)
Bottom of the 1st over - 1 run, 2 hits, 0 errors, 1 left on base; Monroeville 1 - Put-In-Bay 1
TOP OF THE 2ND
Monroeville Yinzers batting - Pitching for Put-In-Bay BC : LHP Josh Gentry
Batting: RHB Mike Sackett 0-0: Called Strike
0-1: Foul Ball, location: 2F
0-2: Strikes out swinging
Batting: RHB Jackson Duffy 0-0: Ball
1-0: Called Strike
1-1: Ball
2-1: Fly out, F6 (Popup, 6M, EV 60.0 MPH)
Batting: SHB Chong-hun Cho 0-0: Called Strike
0-1: Foul Ball, location: 2F
0-2: Ball
1-2: Strikes out looking
Top of the 2nd over - 0 runs, 0 hits, 0 errors, 0 left on base; Monroeville 1 - Put-In-Bay 1
BOTTOM OF THE 2ND
Put-In-Bay BC batting - Pitching for Monroeville Yinzers : LHP Mané Garrincha
Batting: LHB Mies Lumme 0-0: Ball
1-0: Foul Ball, location: 2F
1-1: Swinging Strike
1-2: Ground out 4-3 (Groundball, 4, EV 78.8 MPH)
Batting: RHB Art Hensley 0-0: Ball
1-0: Foul Ball, location: 2F
1-1: Ball
2-1: Ball
3-1: Base on Balls
Batting: SHB Juan Gallardo 0-0: Ball
1-0: Grounds into double play, 5-4-3 (Groundball, 5S, EV 82.5 MPH)
Bottom of the 2nd over - 0 runs, 0 hits, 0 errors, 0 left on base; Monroeville 1 - Put-In-Bay 1
TOP OF THE 3RD
Monroeville Yinzers batting - Pitching for Put-In-Bay BC : LHP Josh Gentry
Batting: RHB Félix Pacheco 0-0: Ball
1-0: Swinging Strike
1-1: DOUBLE (Line Drive, 89XD, EV 107.5 MPH)
Batting: RHB Rubén Camacho 0-0: Ground out 6-3 (Groundball, 56, EV 95.0 MPH)
Batting: RHB Brian Martin 0-0: Swinging Strike
0-1: Ball
1-1: DOUBLE (Line Drive, 78M, EV 106.2 MPH)
Félix Pacheco scores
Batting: RHB Dave Hall 0-0: Ball
1-0: Called Strike
1-1: Fly out, F9 (Flyball, 89M, EV 92.5 MPH)
Batting: LHB Rashid Jeltkov 0-0: Ball
1-0: Ground out 3-1 (Groundball, 34, EV 86.9 MPH)
Top of the 3rd over - 1 run, 2 hits, 0 errors, 1 left on base; Monroeville 2 - Put-In-Bay 1
BOTTOM OF THE 3RD
Put-In-Bay BC batting - Pitching for Monroeville Yinzers : LHP Mané Garrincha
Batting: SHB Héctor Solís 0-0: Foul Ball, location: 2F
0-1: SINGLE (Groundball, 34D, EV 108.1 MPH)
Batting: RHB Raleigh Adams 0-0: Ball
1-0: Ball
2-0: Ball
3-0: Base on Balls
Héctor Solís to second
Batting: RHB Cole Hewitt 0-0: Ball
1-0: Foul Ball, location: 2F
1-1: Ball
2-1: Fly out, F8 (Line Drive, 8RM, EV 108.1 MPH)
Batting: RHB Chris P. Bacon 0-0: Ball
1-0: Ball
2-0: Foul Ball, location: 2F
2-1: Ball
3-1: Fly out, F8 (Flyball, 8LD, EV 98.8 MPH)
Batting: RHB Bang-xao Li 0-0: Ball
1-0: Ball
2-0: SINGLE (Groundball, 34, EV 94.4 MPH)
Héctor Solís to third
Raleigh Adams to second
Runner from 3rd tries for Home, SAFE, no throw by RF
Batting: LHB Fernan Espinoza 0-0: SINGLE (Flyball, 9S, EV 81.9 MPH)
Raleigh Adams to third
Bang-xao Li to second
Batting: LHB Mies Lumme 0-0: Ball
Wild Pitch!
Raleigh Adams scores
Bang-xao Li to third
Fernan Espinoza to second
1-0: Called Strike
1-1: Called Strike
1-2: Ball
2-2: Ball
3-2: Fly out, F6 (Line Drive, 6, EV 66.9 MPH)
Bottom of the 3rd over - 2 runs, 3 hits, 0 errors, 2 left on base; Monroeville 2 - Put-In-Bay 3
TOP OF THE 4TH
Monroeville Yinzers batting - Pitching for Put-In-Bay BC : LHP Josh Gentry
Batting: SHB John Clay 0-0: DOUBLE (Line Drive, 7LM, EV 99.4 MPH)
Batting: RHB Mike Sackett 0-0: Ball
1-0: Swinging Strike
1-1: Ball
2-1: Ground out 6-3 (Groundball, 6, EV 101.9 MPH)
Batting: RHB Jackson Duffy 0-0: Ball
1-0: Called Strike
1-1: Ball
John Clay is caught stealing 3rd base 2-5
2-1: Ball
3-1: Base on Balls
Batting: SHB Chong-hun Cho 0-0: Called Strike
0-1: Ball
1-1: Ball
2-1: Ball
3-1: Base on Balls
Jackson Duffy to second
Batting: RHB Félix Pacheco 0-0: Called Strike
0-1: Ball
1-1: Called Strike
1-2: Foul Ball, location: 2F
1-2: SINGLE (Flyball, 9LS, EV 91.2 MPH)
Jackson Duffy to third
Chong-hun Cho to second
Batting: RHB Rubén Camacho 0-0: Ball
1-0: Called Strike
1-1: Ball
2-1: Foul Ball, location: 2F
2-2: Ground out 1-3 (Groundball, 13S, EV 68.1 MPH)
Top of the 4th over - 0 runs, 2 hits, 0 errors, 3 left on base; Monroeville 2 - Put-In-Bay 3
BOTTOM OF THE 4TH
Put-In-Bay BC batting - Pitching for Monroeville Yinzers : LHP Mané Garrincha
Batting: RHB Art Hensley 0-0: Called Strike
0-1: Swinging Strike
0-2: Ball
1-2: Foul Ball, location: 2F
1-2: Ball
2-2: TRIPLE (Flyball, 9LD, EV 93.1 MPH)
Batting: SHB Juan Gallardo 0-0: Ball
1-0: Ball
2-0: SINGLE (Groundball, 6MD, EV 103.8 MPH)
Art Hensley scores
Batting: SHB Héctor Solís 0-0: Ball
1-0: SINGLE (Groundball, 4M, EV 94.4 MPH)
Juan Gallardo to second
Batting: RHB Raleigh Adams 0-0: Called Strike
0-1: Ball
1-1: Swinging Strike
1-2: Fielders Choice at 2nd, 1-6 (Groundball, 13S, EV 70.6 MPH)
Juan Gallardo to third
Batting: RHB Cole Hewitt 0-0: Ball
1-0: Called Strike
1-1: Ball
2-1: Fly out, F7 (Line Drive, 7, EV 103.1 MPH)
Batting: RHB Chris P. Bacon 0-0: Ball
1-0: Foul Ball, location: 2F
1-1: SINGLE (Line Drive, 9LS, EV 93.1 MPH)
Juan Gallardo scores
Raleigh Adams to second
Pitching: LHP Jang-lu Moy
Batting: RHB Bang-xao Li 0-0: Called Strike
0-1: Ball
1-1: Swinging Strike
1-2: Foul Ball, location: 2F
1-2: Strikes out swinging
Bottom of the 4th over - 2 runs, 4 hits, 0 errors, 2 left on base; Monroeville 2 - Put-In-Bay 5
TOP OF THE 5TH
Monroeville Yinzers batting - Pitching for Put-In-Bay BC : LHP Josh Gentry
Batting: RHB Brian Martin 0-0: Ball
1-0: Ball
2-0: Ball
3-0: Called Strike
3-1: Base on Balls
Batting: RHB Dave Hall 0-0: Ball
1-0: Ball
2-0: Fly out, F4 (Popup, 4M, EV 51.2 MPH)
Batting: LHB Rashid Jeltkov 0-0: Called Strike
0-1: Ball
1-1: Ball
2-1: Foul Ball, location: 2F
2-2: Ball
3-2: SINGLE (Line Drive, 4M, EV 105.6 MPH)
Brian Martin to second
Batting: SHB John Clay 0-0: Ball
1-0: Ball
2-0: Called Strike
2-1: 3-RUN HOME RUN (Flyball, 78XD, EV 93.1 MPH), Distance : 398 ft
Batting: RHB Mike Sackett 0-0: Bunt for hit to 5S - play at first, batter OUT! 5-3
Batting: RHB Jackson Duffy 0-0: Fly out, F7 (Flyball, 7, EV 95.0 MPH)
Top of the 5th over - 3 runs, 2 hits, 0 errors, 0 left on base; Monroeville 5 - Put-In-Bay 5
BOTTOM OF THE 5TH
Put-In-Bay BC batting - Pitching for Monroeville Yinzers : LHP Jang-lu Moy
Batting: LHB Fernan Espinoza 0-0: Called Strike
0-1: Ball
1-1: Ball
2-1: Ground out 4-3 (Groundball, 4, EV 88.8 MPH)
Batting: LHB Mies Lumme 0-0: Swinging Strike
0-1: Called Strike
0-2: Ground out 4-3 (Groundball, 4, EV 105.6 MPH)
Batting: RHB Art Hensley 0-0: Called Strike
0-1: Ball
1-1: Foul Ball, location: 2F
1-2: Foul Ball, location: 2F
1-2: Ball
2-2: Ball
3-2: SINGLE (Groundball, 56, EV 101.2 MPH) (infield hit)
Batting: SHB Juan Gallardo 0-0: Called Strike
0-1: Swinging Strike
0-2: SINGLE (Groundball, 6D, EV 107.5 MPH)
Art Hensley to second
Batting: SHB Héctor Solís 0-0: Called Strike
0-1: Foul Ball, location: 2F
0-2: Foul Ball, location: 2F
0-2: Ball
1-2: Ball
2-2: Fielders Choice at 2nd, 6-4 (Groundball, 6, EV 84.4 MPH)
Bottom of the 5th over - 0 runs, 2 hits, 0 errors, 2 left on base; Monroeville 5 - Put-In-Bay 5
TOP OF THE 6TH
Monroeville Yinzers batting - Pitching for Put-In-Bay BC : LHP Josh Gentry
Batting: SHB Chong-hun Cho 0-0: Foul Ball, location: 2F
0-1: Ball
1-1: Fly out, F8 (Flyball, 8LM, EV 88.8 MPH)
Batting: RHB Félix Pacheco 0-0: Ball
1-0: Swinging Strike
1-1: Foul Ball, location: 2F
1-2: Ball
2-2: Foul Ball, location: 2F
2-2: Foul Ball, location: 2F
2-2: Ground out U3 (Groundball, 3, EV 84.4 MPH)
Batting: RHB Rubén Camacho 0-0: Foul Ball, location: 2F
0-1: Swinging Strike
0-2: Ball
1-2: Ball
2-2: Strikes out swinging
Top of the 6th over - 0 runs, 0 hits, 0 errors, 0 left on base; Monroeville 5 - Put-In-Bay 5
BOTTOM OF THE 6TH
Put-In-Bay BC batting - Pitching for Monroeville Yinzers : LHP Jang-lu Moy
Batting: RHB Raleigh Adams 0-0: Ball
1-0: Called Strike
1-1: Called Strike
1-2: Ball
2-2: Foul Ball, location: 2F
2-2: Foul Ball, location: 2F
2-2: Ball
3-2: Base on Balls
Batting: RHB Cole Hewitt 0-0: Ball
1-0: Foul Ball, location: 2F
1-1: Swinging Strike
1-2: Strikes out swinging
Batting: RHB Chris P. Bacon 0-0: Called Strike
0-1: Foul Ball, location: 2F
0-2: Strikes out swinging
Batting: RHB Bang-xao Li 0-0: Ball
1-0: Ball
2-0: Called Strike
2-1: Foul Ball, location: 2F
2-2: Strikes out swinging
Bottom of the 6th over - 0 runs, 0 hits, 0 errors, 1 left on base; Monroeville 5 - Put-In-Bay 5
TOP OF THE 7TH
Monroeville Yinzers batting - Pitching for Put-In-Bay BC : LHP Josh Gentry
Pitching: RHP Gonzalo Garibay
Batting: RHB Brian Martin 0-0: Foul Ball, location: 2F
0-1: Swinging Strike
0-2: Foul Ball, location: 2F
0-2: Ball
1-2: Foul Ball, location: 2F
1-2: Foul Ball, location: 2F
1-2: Ball
2-2: Ball
3-2: Strikes out swinging
Batting: RHB Dave Hall 0-0: Called Strike
0-1: Ball
1-1: Ball
2-1: Ball
3-1: Base on Balls
Batting: LHB Rashid Jeltkov 0-0: Ball
1-0: SINGLE (Flyball, 89S, EV 93.1 MPH)
Dave Hall to second
Runner from 2nd tries for 3rd, SAFE, no throw by RF
Batting: SHB John Clay 0-0: Ball
1-0: Ball
2-0: 3-RUN HOME RUN (Flyball, 89XD, EV 94.4 MPH), Distance : 401 ft
Pitching: RHP Kimitada Shini
Batting: RHB Mike Sackett 0-0: Ball
1-0: Called Strike
1-1: Called Strike
1-2: Foul Ball, location: 2F
1-2: Strikes out swinging
Batting: RHB Jackson Duffy 0-0: Swinging Strike
0-1: Ball
1-1: Called Strike
1-2: Strikes out swinging
Top of the 7th over - 3 runs, 2 hits, 0 errors, 0 left on base; Monroeville 8 - Put-In-Bay 5
BOTTOM OF THE 7TH
Put-In-Bay BC batting - Pitching for Monroeville Yinzers : LHP Jang-lu Moy
Batting: LHB Fernan Espinoza 0-0: Called Strike
0-1: Ball
1-1: Swinging Strike
1-2: Strikes out swinging
Batting: LHB Mies Lumme 0-0: Called Strike
0-1: Called Strike
0-2: Strikes out swinging
Batting: RHB Art Hensley 0-0: Foul Ball, location: 2F
0-1: Ball
1-1: Foul Ball, location: 2F
1-2: Ball
2-2: SINGLE (Groundball, 6MD, EV 95.0 MPH)
Batting: SHB Juan Gallardo 0-0: Called Strike
0-1: Swinging Strike
0-2: Strikes out swinging
Bottom of the 7th over - 0 runs, 1 hit, 0 errors, 1 left on base; Monroeville 8 - Put-In-Bay 5
TOP OF THE 8TH
Monroeville Yinzers batting - Pitching for Put-In-Bay BC : RHP Kimitada Shini
Batting: SHB Chong-hun Cho 0-0: Called Strike
0-1: Ball
1-1: Swinging Strike
1-2: Foul Ball, location: 2F
1-2: Fly out, F8 (Flyball, 8LD, EV 98.8 MPH)
Batting: RHB Félix Pacheco 0-0: SINGLE (Line Drive, 34, EV 96.9 MPH)
Batting: RHB Rubén Camacho 0-0: Ball
1-0: Swinging Strike
1-1: Swinging Strike
1-2: Ball
2-2: Foul Ball, location: 2F
2-2: Ball
Wild Pitch!
Félix Pacheco to second
3-2: Ground out 3-1 (Groundball, 34S, EV 67.5 MPH)
Félix Pacheco to third
Batting: RHB Brian Martin 0-0: Called Strike
0-1: Ball
1-1: Ball
2-1: Ball
3-1: Called Strike
3-2: Foul Ball, location: 2F
3-2: Base on Balls
Batting: RHB Dave Hall 0-0: Called Strike
0-1: Ball
1-1: Ball
2-1: SINGLE (Line Drive, 8RS, EV 104.4 MPH)
Félix Pacheco scores
Brian Martin to second
Batting: LHB Rashid Jeltkov 0-0: Called Strike
0-1: Ball
1-1: Ball
2-1: Ball
3-1: Base on Balls
Brian Martin to third
Dave Hall to second
Batting: SHB John Clay 0-0: Ball
1-0: Ball
2-0: Ball
3-0: Base on Balls
Brian Martin scores
Dave Hall to third
Rashid Jeltkov to second
Batting: RHB Mike Sackett 0-0: Called Strike
0-1: Fly out, F2 (Popup, 23F, EV 80.0 MPH)
Top of the 8th over - 2 runs, 2 hits, 0 errors, 3 left on base; Monroeville 10 - Put-In-Bay 5
BOTTOM OF THE 8TH
Put-In-Bay BC batting - Pitching for Monroeville Yinzers : LHP Jang-lu Moy
Batting: SHB Héctor Solís 0-0: Ball
1-0: Ball
2-0: Fly out, F9 (Flyball, 9S, EV 88.8 MPH)
Batting: RHB Raleigh Adams 0-0: Ball
1-0: Fly out, F9 (Flyball, 89XD, EV 94.4 MPH)
Batting: RHB Cole Hewitt 0-0: SINGLE (Groundball, 6MD, EV 102.5 MPH)
Pitching: RHP Donovan Poe
Batting: RHB Chris P. Bacon 0-0: Foul Ball, location: 2F
0-1: Foul Ball, location: 2F
0-2: Ball
1-2: Ball
2-2: Fly out, F6 (Popup, 6MS, EV 70.0 MPH)
Bottom of the 8th over - 0 runs, 1 hit, 0 errors, 1 left on base; Monroeville 10 - Put-In-Bay 5
TOP OF THE 9TH
Monroeville Yinzers batting - Pitching for Put-In-Bay BC : RHP Kimitada Shini
Batting: RHB Jackson Duffy 0-0: Foul Ball, location: 2F
0-1: Ground out 6-3 (Groundball, 6, EV 85.6 MPH)
Batting: SHB Chong-hun Cho 0-0: Ball
1-0: Foul Ball, location: 2F
1-1: Swinging Strike
1-2: Ball
2-2: Ball
3-2: Strikes out swinging
Batting: RHB Félix Pacheco 0-0: Foul Ball, location: 2F
0-1: Foul Ball, location: 2F
0-2: Ball
1-2: SINGLE (Groundball, 3, EV 100.0 MPH) (infield hit)
Batting: RHB Rubén Camacho 0-0: Ball
1-0: Called Strike
1-1: Ball
2-1: Ball
3-1: Called Strike
3-2: Foul Ball, location: 2F
3-2: Base on Balls
Félix Pacheco to second
Pitching: RHP Ray White
Batting: RHB Brian Martin 0-0: Foul Ball, location: 2F
0-1: Foul Ball, location: 2F
0-2: Ball
1-2: Foul Ball, location: 2F
1-2: Ball
2-2: Foul Ball, location: 2F
2-2: Ball
3-2: Foul Ball, location: 2F
3-2: Foul Ball, location: 2F
3-2: Strikes out swinging
Top of the 9th over - 0 runs, 1 hit, 0 errors, 2 left on base; Monroeville 10 - Put-In-Bay 5
BOTTOM OF THE 9TH
Put-In-Bay BC batting - Pitching for Monroeville Yinzers : RHP Donovan Poe
Batting: RHB Bang-xao Li 0-0: Ball
1-0: Ball
2-0: Ball
3-0: Base on Balls
Batting: LHB Fernan Espinoza 0-0: Ball
1-0: SINGLE (Groundball, 5D, EV 101.2 MPH)
Bang-xao Li to second
Batting: LHB Mies Lumme 0-0: Swinging Strike
0-1: Foul Ball, location: 2F
0-2: Ball
1-2: Strikes out swinging
Batting: RHB Art Hensley 0-0: Ball
1-0: Called Strike
1-1: Foul Ball, location: 2F
1-2: Strikes out looking
Batting: SHB Juan Gallardo 0-0: Called Strike
0-1: Ball
1-1: Swinging Strike
1-2: Ball
2-2: Ball
3-2: Foul Ball, location: 2F
3-2: Base on Balls
Bang-xao Li to third
Fernan Espinoza to second
Pitching: RHP Jeremy Harness
Batting: SHB Héctor Solís 0-0: Foul Ball, location: 2F
0-1: SINGLE (Groundball, 34S, EV 70.0 MPH) (infield hit)
Bang-xao Li scores
Fernan Espinoza to third
Juan Gallardo to second
Batting: RHB Raleigh Adams 0-0: Foul Ball, location: 2F
0-1: Foul Ball, location: 2F
0-2: SINGLE (Flyball, 9S, EV 88.1 MPH)
Fernan Espinoza scores
Juan Gallardo to third
Héctor Solís to second
Pinch Hitting: SHB Patrick Sullivan 0-0: Foul Ball, location: 2F
0-1: SINGLE (Groundball, 4MS, EV 63.8 MPH) (infield hit)
Juan Gallardo scores
Héctor Solís to third
Raleigh Adams to second
Batting: RHB Chris P. Bacon 0-0: TRIPLE (Line Drive, 78XD, EV 109.4 MPH)
Héctor Solís scores
Raleigh Adams scores
Patrick Sullivan scores
GAME OVER ... PUT
In-Bay defeats Monroeville, 11 to 10
Friday, March 26th, 2021 - OOTP Baseball 20.8 Build 74